 Dungeon Crawl Stone Soup version 0.21-a0-440-g28109cb (webtiles) character file.

855 Megalobster the Covert (level 7, 0/32 HPs)
             Began as a Spriggan Enchanter on Nov 10, 2017.
             Was an Initiate of Nemelex Xobeh.
             Slain by a river rat (3 damage)
             ... on level 4 of the Dungeon.
             The game lasted 00:47:45 (8520 turns).

Megalobster the Covert (Spriggan Enchanter)         Turns: 8520, Time: 00:47:45

Health: 0/32       AC:  3    Str:  5    XL:     7   Next: 70%
Magic:  10/13      EV: 20    Int: 16    God:    Nemelex Xobeh [......]
Gold:   231        SH:  0    Dex: 18    Spells: 1/13 levels left

rFire    + . .     SeeInvis +   a - +1 dagger
rCold    . . .     Gourm    .   (shield restricted)
rNeg     . . .     Faith    .   b - +0 robe
rPois    .         Spirit   .   (helmet restricted)
rElec    .         Reflect  .   A - +0 cloak
rCorr    .         Harm     .   (gloves unavailable)
MR       +....                  (boots unavailable)
Stlth    ++++......             (no amulet)
HPRegen  0.10/turn              q - ring of protection from fire
MPRegen  0.13/turn              (no ring)

@: about to teleport, very quick
A: unfitting armour, see invisible, herbivore 3, speed 3, slow metabolism 2
a: Renounce Religion


You were on level 4 of the Dungeon.
You worshipped Nemelex Xobeh.
Nemelex Xobeh was noncommittal.
You were full.

You visited 2 branches of the dungeon, and saw 5 of its levels.

You collected 231 gold pieces.

Inventory:

Hand Weapons
 a - a +1 dagger (weapon)
 i - a +1 whip of electrocution
 j - a +3 quarterstaff of chaos
 t - a +0 hunting sling
Missiles
 e - 5 tomahawks
 g - 3 throwing nets
 h - 177 stones (quivered)
 B - 34 poisoned needles
Armour
 b - a +0 robe (worn)
 m - a +0 animal skin
 p - a +0 pair of gloves
 s - a +0 shield
 A - a +0 cloak (worn)
Jewellery
 o - an uncursed amulet of guardian spirit
 q - a ring of protection from fire (left hand)
 y - an uncursed ring of protection from fire
Wands
 v - a wand of digging (24/24)
 w - a wand of acid (1/15)
 I - a wand of flame (33/48)
Scrolls
 l - 3 scrolls of teleportation
 r - a scroll of magic mapping {unknown}
 u - 2 scrolls of remove curse
 F - a scroll of random uselessness {unknown}
 G - 2 scrolls of amnesia {unknown}
 H - a scroll of blinking {unknown}
Potions
 f - 2 potions of heal wounds
 k - 2 potions of degeneration
 n - a potion of agility
 x - a potion of berserk rage
 z - a potion of might
 C - a potion of lignification {unknown}
 D - 2 potions of curing {unknown}
Books
 c - a book of Maledictions

   Spells                             Type                      Level
   a - Corona                         Hexes                        1
   b - Ensorcelled Hibernation        Hexes/Ice                    2
   c - Confuse                        Hexes                        3
   d - Tukima's Dance                 Hexes                        3
   e - Dazzling Spray                 Conjuration/Hexes            3
Miscellaneous
 E - a plain deck of summoning {drawn: 1}
Comestibles
 d - a bread ration


   Skills:
 + Level 2.7 Short Blades
 + Level 4.6 Dodging
 + Level 8.4 Stealth
 + Level 3.8 Spellcasting
 + Level 5.0 Hexes
 + Level 2.3 Invocations
 * Level 5.8 Evocations


You had one spell level left.
You knew the following spells:

 Your Spells              Type           Power        Failure   Level  Hunger
a - Corona                Hex            ###....      2%          1    None
b - Ensorcelled Hibernat  Hex/Ice        ##....       10%         2    ##.....
c - Confuse               Hex            ###.....     6%          3    ###....
d - Tukima's Dance        Hex            ###.....     6%          3    ###....
e - Dazzling Spray        Conj/Hex       ##....       19%         3    ###....


Dungeon Overview and Level Annotations

Branches:
Dungeon (4/15)             Temple (1/1) D:4

Altars:
Cheibriados
Dithmenos
Elyvilon
Fedhas
Gozag
Hepliaklqana
Makhleb
Nemelex Xobeh
Sif Muna
Trog
Uskayaw
Vehumet
Wu Jian
Yredelemnul

Annotations:
D:4 Pikel


Innate Abilities, Weirdness & Mutations

You are very small and have problems with some larger weapons.
You are too small for most types of armour.
You have supernaturally acute eyesight. (SInv)
You are a herbivore.
You cover ground extremely quickly.
You need consume almost no food.


Message History

You hit Pikel but do no damage.
Pikel is heavily wounded.
The river rat barely misses you. The river rat misses you.
You hit Pikel but do no damage.
Pikel is heavily wounded.
Pikel barely misses you. The river rat completely misses you.
You hit Pikel but do no damage.
Pikel is heavily wounded.
The river rat misses you. Pikel hits you with a whip of flaming.
As you read the scroll of teleportation, it crumbles to dust.
You feel strangely unstable. The river rat bites you!
* * * LOW HITPOINT WARNING * * *
The river rat closely misses you. Pikel misses you.
You hit the river rat but do no damage. The river rat completely misses you.
The river rat misses you. Pikel closely misses you.
You closely miss the river rat.
The slave shouts!
The river rat completely misses you. The river rat bites you.
You die...
Your body disappears without a glow.

#### #.≈≈pr# #p≈≈r≈
#r≈S≈.## #≈≈r. .#
.... .# #.##r#
#pr@K# ###########
#.########..........
#............)....).
#########..#####....
#..#####.###
#......#.#
##.####...#
##.#.###...#
#.###......###


You could see Pikel, a slave and 2 river rats.

Vanquished Creatures
  Grinder (D:3)
  A phantom (D:4)
  Blork the orc (D:4)
  A bullfrog skeleton (D:4)
  Crazy Yiuf (D:3)
  2 orc wizards
  Ijyb (D:3)
  2 worker ants (D:4)
  7 gnolls
  11 adders
  An ooze (D:3)
  3 adder skeletons (D:4)
  3 worms (D:2)
  2 dart slugs
  4 leopard geckos
  9 orcs
  2 ball pythons
  12 giant cockroaches
  9 goblins
  10 hobgoblins
  8 jackals
  5 quokkas
  10 bats
  2 frilled lizards (D:2)
  4 kobolds
  A leopard gecko skeleton (D:4)
  2 quokka skeletons (D:4)
  6 rats
121 creatures vanquished.

Vanquished Creatures (collateral kills)
  2 orcs (D:3)
2 creatures vanquished.

Grand Total: 123 creatures vanquished

Notes
Turn   | Place    | Note
-------+----------+-------------------------------------------
     0 | D:1      | Megalobster the Spriggan Enchanter began the quest for the Orb.
     0 | D:1      | Reached XP level 1. HP: 9/9 MP: 5/5
   187 | D:1      | Reached XP level 2. HP: 8/13 MP: 6/6
   248 | D:1      | Learned a level 2 spell: Ensorcelled Hibernation
   510 | D:1      | Reached skill level 5 in Stealth
  1660 | D:2      | Reached XP level 3. HP: 15/16 MP: 8/8
  1665 | D:2      | Learned a level 3 spell: Confuse
  2049 | D:2      | Reached XP level 4. HP: 21/21 MP: 9/9
  2066 | D:2      | Learned a level 3 spell: Tukima's Dance
  2068 | D:2      | You fall through a shaft for 2 floors!
  2068 | D:4      | Found a basalt altar of Yredelemnul.
  2068 | D:4      | Noticed a phantom
  2129 | D:4      | Noticed a phantom
  2426 | D:2      | Reached skill level 6 in Stealth
  3115 | D:2      | Reached XP level 5. HP: 24/24 MP: 2/11
  3870 | D:2      | Found a bloodstained altar of Trog.
  4045 | D:3      | Noticed Grinder
  4133 | D:3      | Found a sparkling altar of Nemelex Xobeh.
  4167 | D:3      | Noticed Ijyb
  4172 | D:3      | Killed Ijyb
  4924 | D:3      | Found a runed door.
  5029 | D:3      | Noticed Crazy Yiuf
  5041 | D:3      | Killed Crazy Yiuf
  5041 | D:3      | Reached skill level 7 in Stealth
  5041 | D:3      | Reached XP level 6. HP: 28/28 MP: 7/12
  5053 | D:3      | Learned a level 3 spell: Dazzling Spray
  5565 | D:4      | Noticed Blork the orc
  5572 | D:4      | Killed Blork the orc
  5601 | D:4      | Found a staircase to the Ecumenical Temple.
  5637 | Temple   | Entered the Ecumenical Temple
  5850 | Temple   | Became a worshipper of Nemelex Xobeh the Trickster
  5914 | D:4      | Received a gift from Nemelex Xobeh
  6660 | D:3      | Paralysed by Grinder for 6 turns
  6671 | D:3      | Killed Grinder
  6671 | D:3      | Reached skill level 8 in Stealth
  6671 | D:3      | Reached skill level 1 in Invocations
  6671 | D:3      | Reached XP level 7. HP: 31/32 MP: 10/13
  6735 | D:3      | Reached skill level 5 in Evocations
  7590 | D:4      | Found a radiant altar of Vehumet.
  8132 | D:4      | Reached skill level 5 in Hexes
  8505 | D:4      | Noticed Pikel
  8520 | D:4      | Slain by a river rat

Vault maps used:
D:1:      dpeg_arrival_tiny_i
D:2:      trog_butcher_becter
D:3:      nemelex_lonely_heart_becter, uniq_ijyb, uniq_crazy_yiuf_cottage,
          uniq_grinder
D:4:      yredelemnul_altar_generic, minmay_temple_entry_mist,
          portal_sewer_entry_b, vehumet_altar_wand_db, uniq_pikel,
          uniq_blork_the_orc
Temple:   chequers_temple_sunken

Skill      XL: |  1  2  3  4  5  6  7 |
---------------+----------------------+-----
Stealth        | 5 6 7 8 |  8.4
Spellcasting   | 3 |  3.8
Hexes          | 4 5 |  5.0
Short Blades   | 2 |  2.7
Dodging        | 4 |  4.6
Evocations     | 4 5 |  5.8
Invocations    | 1 2 |  2.3

Action                   |  1- 3 |  4- 6 |  7- 9 || total
-------------------------+-------+-------+-------++-------
Melee: Dagger            |   141 |   222 |    86 ||   449
Throw: Stone             |       |     6 |     6 ||    12
 Cast: Ensorcelled Hiber |    14 |    41 |    18 ||    73
       Corona            |     1 |     4 |     1 ||     6
       Confuse           |       |    18 |    11 ||    29
       Dazzling Spray    |       |     2 |     4 ||     6
Evoke: Wand              |       |     2 |     1 ||     3
       Deck              |       |     1 |       ||     1
  Use: Scroll            |       |     7 |     2 ||     9
 Stab: Sleeping          |    18 |    37 |     5 ||    60
       Distracted        |     1 |     3 |     1 ||     5
       Confused          |       |     9 |     6 ||    15
       Invisible         |       |       |     2 ||     2
  Eat: Royal jelly       |       |     3 |       ||     3
       Bread ration      |       |     1 |     1 ||     2
Armor: Robe              |    13 |    14 |     5 ||    32
Dodge: Dodged            |   118 |   174 |    97 ||   389

Table legend:
 A = Spawn XP
 B = Non-spawn XP
 C = Spawn XP percentage of total XP
 D = Spawn monster count
 E = Non-spawn monster count
 F = Spawn count percentage of total count
 G = Total turns spent on level
                    A         B        C        D         E        F      G
               +---------+---------+-------+---------+---------+-------+---------
         Total |       0 |    1222 |   0.0 |       0 |     123 |   0.0 |  8520
               +---------+---------+-------+---------+---------+-------+---------
           D:1 |       0 |      49 |   0.0 |       0 |      23 |   0.0 |  1987
           D:2 |       0 |     169 |   0.0 |       0 |      35 |   0.0 |  2100
           D:3 |       0 |     517 |   0.0 |       0 |      37 |   0.0 |  2369
           D:4 |       0 |     487 |   0.0 |       0 |      28 |   0.0 |  1832
               +---------+---------+-------+---------+---------+-------+---------
